 Dungeon Crawl Stone Soup version 0.22-a0-110-g5b255cf (webtiles) character file.

3851 nono the Skirmisher (level 10, -2/55 HPs)
             Began as a Vine Stalker Fighter on Jan 27, 2018.
             Was a Priest of Wu Jian.
             Slain by a two-headed ogre
             ... wielding a +0 giant spiked club
              (12 damage)
             ... on level 11 of the Dungeon.
             The game lasted 00:24:49 (4177 turns).

nono the Skirmisher (Vine Stalker Fighter)          Turns: 4177, Time: 00:24:50

Health: -2/55      AC: 14    Str: 22    XL:     10   Next: 18%
Magic:  0/20       EV:  6    Int:  8    God:    Wu Jian [***...]
Gold:   316        SH: 11    Dex: 14    Spells: 9/9 levels left

rFire    . . .     SeeInvis .   a - +0 rapier
rCold    . . .     Gourm    .   c - +0 shield
rNeg     . . .     Faith    .   v - +0 chain mail
rPois    .         Spirit   +   d - +0 helmet
rElec    .         Reflect  .   s - +0 cloak
rCorr    +         Harm     .   E - +1 pair of gloves
MR       +....                  (no boots)
Stlth    ..........             (no amulet)
HPRegen  0.58/turn              b - ring of magical power
MPRegen  0.17/turn              H - ring of resist corrosion

@: no status effects
A: fangs 3, regeneration 1, magic shield, antimagic bite, no potion heal 3, rot
immunity
a: Wall Jump, Serpent's Lash, Renounce Religion


You were on level 11 of the Dungeon.
You worshipped Wu Jian.
Wu Jian was most pleased with you.
You were hungry.

You visited 1 branch of the dungeon, and saw 12 of its levels.

You collected 316 gold pieces.

Inventory:

Hand Weapons
 a - a +0 rapier (weapon)
Armour
 c - a +0 shield (worn)
 d - a +0 helmet (worn)
 s - a +0 cloak (worn)
 v - a +0 chain mail (worn)
 y - a +0 pair of gloves
 E - a +1 pair of gloves (worn)
 G - a +0 plate armour
Jewellery
 b - a ring of magical power (left hand)
 C - an uncursed ring of fire
 H - a ring of resist corrosion (right hand)
 K - a cursed ring of loudness {unknown}
Wands
 r - a wand of random effects (19)
 w - a wand of enslavement (7)
 I - a wand of clouds (5)
Scrolls
 e - 5 scrolls of teleportation {unknown}
 g - 9 scrolls of identify {unknown}
 h - 6 scrolls of remove curse
 i - 2 scrolls of enchant armour {unknown}
 j - a scroll of magic mapping {unknown}
 k - a scroll of immolation {unknown}
 p - a scroll of fear {unknown}
 t - 2 scrolls of enchant weapon {unknown}
 F - a scroll of noise {unknown}
 J - a scroll of silence {unknown}
Potions
 l - 2 potions of brilliance {unknown}
 m - a potion of cancellation {unknown}
 n - 3 potions of curing
 o - a potion of resistance {unknown}
 q - 3 potions of haste {unknown}
 u - 3 potions of agility {unknown}
 x - a potion of degeneration {unknown}
 z - a potion of lignification {unknown}
 A - 2 potions of heal wounds {unknown}
 B - a potion of ambrosia {unknown}
 L - a potion of invisibility {unknown}
Books
 D - a book of Flames

   Spells                             Type                      Level
   a - Flame Tongue                   Conjuration/Fire             1
   b - Throw Flame                    Conjuration/Fire             2
   c - Conjure Flame                  Conjuration/Fire             3
   d - Inner Flame                    Hexes/Fire                   3
   e - Sticky Flame                   Conjuration/Fire             4
   f - Fireball                       Conjuration/Fire             5
Comestibles
 f - 9 rations
 M - 19 chunks of flesh


   Skills:
 + Level 7.4 Fighting
 + Level 7.1 Short Blades
 + Level 5.5 Armour
 + Level 7.4 Shields


You had 9 spell levels left.
You didn't know any spells.

Dungeon Overview and Level Annotations

Branches:
Dungeon (12/15)              Lair (0/6) D:9
 Temple: D:4-7          Orc: D:9-12

Altars:
Qazlal
Wu Jian
Xom
Yredelemnul
Zin

Shops:
D:6 (

Annotations:
D:4 Tovarisch's ghost, novice NaTm


Innate Abilities, Weirdness & Mutations

You have razor-sharp teeth.
Your natural rate of healing is unusually fast.
When hurt, damage is shared between your health and your magic reserves.
Your bite disrupts and absorbs the magic of your enemies.
Potions cannot restore your health.
You are immune to rotting.


Message History

You have no room to wall jump there.
The two-headed ogre hits you with a giant spiked club.
The two-headed ogre hits you with a giant spiked club!!
* * * LOW HITPOINT WARNING * * *
There is a stone staircase leading up, spattered with blood here.
You climb upwards.
The wolf simulacrum completely misses you.
You block the wolf simulacrum's attack.
You hear some strange, mumbled words.
The wolf simulacrum bites you.
* * * LOW HITPOINT WARNING * * *
The wolf simulacrum freezes you!
* * * LOW HITPOINT WARNING * * *
There is a stone staircase leading down here.
You have no room to wall jump there.
You have no room to wall jump there.
You have no room to wall jump there.
You closely miss the wolf simulacrum.
The two-headed ogre hits you with a giant spiked club!
You die...

#..#.. ####..#'## .
........Z# .. .
#.!..P.# ..... #.^⌠.#
......
#..P.#####.......
#....{.........$.
#.....###.###......
#.........O@Z......
#.........####.###.
......###...#########
#...# .)....
#...........# #...#
...... ###########.#
#...# #......#.#
#...#
.....C..#.#####...#
.........#.#.......#
..#s.....#.###.....#


You could see a two-headed ogre and a wolf simulacrum.

Vanquished Creatures
  Pikel (D:8)
  A hippogriff (D:9)
  3 yaks (D:10)
  Menkaure (D:5)
  A water moccasin (D:9)
  2 black bears
  2 orc warriors
  A sky beast (D:11)
  2 ogres
  An ice beast (D:10)
  A necrophage (D:7)
  3 centaurs
  2 bullfrogs
  A water moccasin skeleton (D:5)
  2 scorpions
  A howler monkey (D:8)
  5 crimson imps
  3 bullfrog zombies
  2 hounds
  3 centaur zombies
  3 jellies
  A bullfrog skeleton (D:4)
  5 orc priests
  Crazy Yiuf (D:6)
  5 orc wizards
  2 iguanas (D:9)
  5 worker ants
  A killer bee zombie (D:7)
  Robin (D:2)
  7 adders
  An adder skeleton (D:7)
  A worm (D:4)
  2 dart slugs
  3 leopard geckos
  19 orcs
  2 giant cockroaches
  12 goblins
  10 hobgoblins
  6 jackals
  4 quokkas
  2 bats
  10 kobolds
  3 rats
  A fungus (D:6)
145 creatures vanquished.

Vanquished Creatures (others)
  A slave (D:8)
  An ogre (D:5)
  2 killer bees (D:8)
4 creatures vanquished.

Grand Total: 149 creatures vanquished

Notes
Turn   | Place    | Note
-------+----------+-------------------------------------------
     0 | D:1      | nono the Vine Stalker Fighter began the quest for the Orb.
     0 | D:1      | Reached XP level 1. HP: 11/11 MP: 2/2
    61 | D:1      | Reached XP level 2. HP: 8/16 MP: 3/3
   945 | D:2      | Found a shimmering altar of Xom.
   948 | D:2      | Found a basalt altar of Yredelemnul.
   950 | D:2      | Found an ornate altar of the Wu Jian Council.
   955 | D:2      | Became a worshipper of the Wu Jian Council
  1006 | D:2      | Noticed Robin
  1016 | D:2      | Reached XP level 3. HP: 18/20 MP: 4/4
  1028 | D:2      | Killed Robin
  1038 | D:2      | Gained mutation: Your natural rate of healing is unusually fast. [Vine Stalker growth]
  1038 | D:2      | Reached XP level 4. HP: 5/24 MP: 1/5
  1527 | D:3      | Reached * piety under Wu Jian
  1710 | D:4      | Noticed Tovarisch's ghost (novice NaTm)
  1714 | D:5      | Entered Level 5 of the Dungeon
  1732 | D:5      | Reached XP level 5. HP: 27/29 MP: 6/6
  1743 | D:5      | Noticed Menkaure
  1750 | D:6      | Noticed an ogre
  1755 | D:6      | Noticed a centaur
  1803 | D:5      | Your ally died
  1803 | D:5      | Reached XP level 6. HP: 7/33 MP: 3/7
  1990 | D:4      | Reached XP level 7. HP: 38/38 MP: 8/8
  2036 | D:5      | HP: 1/38 [orc priest/war axe (1)]
  2124 | D:6      | Reached skill level 5 in Fighting
  2124 | D:6      | Reached skill level 5 in Shields
  2151 | D:6      | Found Piobufoo's Weapon Boutique.
  2234 | D:6      | Found a runed door.
  2238 | D:6      | Noticed Crazy Yiuf
  2245 | D:6      | Killed Crazy Yiuf
  2326 | D:6      | Reached ** piety under Wu Jian
  2453 | D:7      | Gained mutation: You have razor-sharp teeth. [Vine Stalker growth]
  2453 | D:7      | Reached XP level 8. HP: 40/43 MP: 9/9
  2564 | D:6      | Reached skill level 5 in Short Blades
  3014 | D:8      | Noticed Pikel
  3046 | D:8      | Killed Pikel
  3046 | D:8      | Reached XP level 9. HP: 41/49 MP: 10/10
  3124 | D:9      | Found a glowing silver altar of Zin.
  3212 | D:9      | Found a stormy altar of Qazlal.
  3226 | D:9      | Found a staircase to the Lair.
  3474 | D:9      | Reached *** piety under Wu Jian
  3588 | D:9      | Noticed a two-headed ogre
  3614 | D:10     | Entered Level 10 of the Dungeon
  3636 | D:10     | Reached skill level 5 in Armour
  3845 | D:11     | Reached XP level 10. HP: 55/55 MP: 11/11
  4038 | D:10     | Found a shimmering altar of Xom.
  4039 | D:10     | Found a shimmering altar of Xom.
  4039 | D:10     | Found a shimmering altar of Xom.
  4040 | D:10     | Found a shimmering altar of Xom.
  4040 | D:10     | Found a shimmering altar of Xom.
  4040 | D:10     | Found a shimmering altar of Xom.
  4041 | D:10     | Found a shimmering altar of Xom.
  4140 | D:11     | Noticed a cyclops
  4160 | D:11     | Noticed a necromancer
  4168 | D:12     | Noticed a two-headed ogre
  4177 | D:11     | Slain by a two-headed ogre

Vault maps used:
D:1:      lemuel_arrival_cross
D:2:      minitemple, elyvilon_altar_3, uniq_sigmund, uniq_robin
D:3:      lemuel_coloured_pillars_altar, fedhas_altar_1
D:4:      kiku_gazebo_garden_becter, nicolae_ru_the_path_less_chosen,
          kennysheep_little_box, minmay_temple_entry_statues,
          portal_sewer_entry_e, first_ration, uniq_grinder, uniq_duvessa
D:5:      hangedman_decor_push, uniq_menkaure
D:6:      serial_shops, shop, uniq_crazy_yiuf_cottage
D:8:      david_nohive_1, minmay_pinched_square, uniq_pikel, uniq_maurice
D:9:      wad_cavern_with_rooms, lemuel_round_altar, kennysheep_mini_moat,
          lair_entry_dummy
D:10:     orc_david_3, stair_cage_wide, st_stairs_13, xom_redecorated
D:11:     basic_altar, serial_co_window_serial, co_window_paths_b,
          co_window_corner_a, co_window_of_opportunity_a, co_window_paths_a,
          co_window_paths_a, co_window_corner_ca, co_window_broadway_c,
          co_window_corner_b, co_window_unsneaky_path_c,
          co_window_unsneaky_path_a, glass_columns_a, basic_loot_grate_trap,
          corexii_checkpoint_a, eino_house_with_fridge
D:12:     kennysheep_generic_room_13

Skill      XL: |  1  2  3  4  5  6  7  8  9 10 |
---------------+-------------------------------+-----
Short Blades   | 2 3 4 6 7 |  7.1
Fighting       | 3 4 5 6 7 |  7.4
Shields        | 3 4 5 6 7 |  7.4
Armour         | 4 5 |  5.5

Action                   |  1- 3 |  4- 6 |  7- 9 | 10-12 || total
-------------------------+-------+-------+-------+-------++-------
Melee: Rapier            |    70 |   110 |   368 |    73 ||   621
       Bite              |    15 |    34 |   148 |    24 ||   221
Invok: Lunge             |       |    34 |    36 |     2 ||    72
       Whirlwind         |       |    14 |   113 |    10 ||   137
       Wall Jump         |       |       |    18 |     5 ||    23
Evoke: Wand              |       |     2 |       |       ||     2
  Use: Potion            |     1 |     1 |     2 |       ||     4
       Scroll            |       |     1 |       |       ||     1
  Eat: Chunk             |       |     4 |     5 |     2 ||    11
Armor: Scale mail        |    24 |     3 |       |       ||    27
       Chain mail        |       |    36 |   154 |    28 ||   218
Dodge: Dodged            |    20 |    20 |    63 |     9 ||   112
Block: Shield            |    28 |    46 |   171 |    33 ||   278

Table legend:
 A = Spawn XP
 B = Non-spawn XP
 C = Spawn XP percentage of total XP
 D = Spawn monster count
 E = Non-spawn monster count
 F = Spawn count percentage of total count
 G = Total turns spent on level
                    A         B        C        D         E        F      G
               +---------+---------+-------+---------+---------+-------+---------
         Total |       0 |    5502 |   0.0 |       0 |     144 |   0.0 |  4177
               +---------+---------+-------+---------+---------+-------+---------
           D:1 |       0 |      27 |   0.0 |       0 |      14 |   0.0 |   782
           D:2 |       0 |      99 |   0.0 |       0 |      22 |   0.0 |   512
           D:3 |       0 |      33 |   0.0 |       0 |      10 |   0.0 |   362
           D:4 |       0 |     183 |   0.0 |       0 |       8 |   0.0 |   101
           D:5 |       0 |     380 |   0.0 |       0 |       8 |   0.0 |   213
           D:6 |       0 |     745 |   0.0 |       0 |      12 |   0.0 |   515
           D:7 |       0 |     239 |   0.0 |       0 |      17 |   0.0 |   386
           D:8 |       0 |    1291 |   0.0 |       0 |      17 |   0.0 |   232
           D:9 |       0 |    1106 |   0.0 |       0 |      17 |   0.0 |   511
          D:10 |       0 |    1268 |   0.0 |       0 |      16 |   0.0 |   366
          D:11 |       0 |     131 |   0.0 |       0 |       3 |   0.0 |   188
               +---------+---------+-------+---------+---------+-------+---------
